Map: Oceanborn LE

Players

A.I. 2 (Very Easy) - Winner!

  • Race: Terran Terran
  • Spawn Location: 11:00

llllllllllll

  • Race: Protoss Protoss
  • League: Grandmaster
  • Spawn Location: 5:00

VOD

Have the link to the VOD?

Description

Time

  • Played on: Dec. 27, 2023, 5:52 p.m.
  • Length: 9:00
Show
View Real Time Build Order
Export as new Build Order

A.I. 2 (Very Easy) Terran - Winner!

Build Orders: Reaper Expand 

Get SALT Encoding   

  6  0:00  SCV  
  13  0:13  SCV  
  14  0:18  Supply Depot  
  14  0:42  Barracks  
  14  1:03  Command Center  
  14  1:30  Orbital Command, Supply Depot  
  14  1:31  Marine  
  15  1:35  Refinery  
  15  1:48  Refinery  
  15  1:56  SCV  
  16  2:08  SCV  
  17  2:16  Reaper  
  17  2:20  SCV  
  17  2:22  SCV  
  20  2:32  SCV  
  20  2:36  SCV  
  22  2:44  SCV  
  22  2:50  SCV  
  24  2:56  Refinery  
  24  2:57  SCV  
  25  3:05  SCV  
  26  3:07  Marine  
  26  3:12  SCV  
  28  3:19  Factory, SCV  
  29  3:44  Refinery  
  29  3:45  SCV  
  30  3:52  SCV  
  30  3:54  Supply Depot  
  31  3:58  Barracks Tech Lab  
  31  4:00  SCV  
  32  4:03  Starport  
  32  4:07  SCV  
  33  4:14  SCV  
  33  4:16  Marine  
  35  4:21  SCV  
  35  4:28  SCV  
  36  4:35  Supply Depot  
  36  4:36  SCV  
  34  4:42  Starport Tech Lab  
  34  4:43  SCV  
  34  4:45  Hellion  
  37  4:50  SCV  
  38  4:58  SCV  
  39  5:01  Raven  
  39  5:05  SCV  
  42  5:12  SCV  
  43  5:19  SCV  
  44  5:26  SCV  
  45  5:29  Supply Depot  
  45  5:33  SCV  
  45  5:35  Raven, Marine  
  49  6:26  Marauder  
  51  7:17  Marauder  
  53  8:07  Marine  
  48  8:43  Supply Depot  
Show
View Real Time Build Order
Export as new Build Order

llllllllllll Protoss 

Build Orders: 1 Gate Expand, Phoenix Opening, Zealot Archon, Colossus Rush 

Get SALT Encoding   

  6  0:00  Probe  
  13  0:13  Probe  
  14  0:17  Pylon  
  14  0:25  Probe  
  15  0:36  Gateway  
  15  0:37  Probe (Chrono Boost)  
  16  0:43  Assimilator  
  16  0:49  Probe (Chrono Boost)  
  17  0:56  Probe (Chrono Boost)  
  18  1:03  Probe  
  19  1:15  Probe  
  20  1:23  Cybernetics Core  
  20  1:27  Probe  
  21  1:34  Nexus  
  21  1:42  Assimilator  
  21  1:46  Pylon  
  21  1:49  Probe  
  22  2:01  Adept (Chrono Boost), Probe  
  25  2:13  Probe  
  26  2:21  Stargate, Adept (Chrono Boost)  
  26  2:25  Probe  
  29  2:37  Probe, Warp Gate  
  30  2:47  Probe  
  30  2:49  Probe  
  34  2:59  Probe  
  34  3:01  Probe  
  34  3:04  Phoenix (Chrono Boost)  
  34  3:11  Probe  
  37  3:13  Probe  
  38  3:20  Phoenix  
  38  3:22  Gateway  
  38  3:23  Probe  
  38  3:25  Probe  
  42  3:30  Robotics Facility  
  42  3:35  Probe  
  42  3:38  Probe  
  42  3:39  Pylon  
  44  3:47  Assimilator, Phoenix  
  46  3:49  Assimilator  
  46  3:51  Pylon  
  46  3:57  Probe x2  
  46  4:01  Pylon  
  48  4:09  Probe x2  
  50  4:16  Immortal (Chrono Boost)  
  50  4:21  Probe x2  
  56  4:27  Robotics Bay  
  56  4:34  Probe x2  
  58  4:46  Probe x2  
  58  4:48  Nexus  
  58  4:49  Pylon  
  58  4:51  Observer  
  61  4:58  Probe x2  
  63  5:00  Twilight Council, Forge  
  63  5:09  Sentry, Zealot  
  63  5:10  Probe  
  63  5:13  Colossus (Chrono Boost)  
  68  5:15  Probe  
  75  5:22  Probe  
  75  5:24  Extended Thermal Lance  
  75  5:27  Probe  
  77  5:33  Shield Battery  
  77  5:34  Probe, Pylon  
  78  5:37  Charge  
  78  5:40  Protoss Ground Weapons Level 1 (Chrono Boost)  
  78  5:47  Pylon  
  78  5:48  Pylon  
  78  5:52  Probe x2  
  79  5:57  Colossus (Chrono Boost)  
  79  6:00  Probe  
  86  6:04  Probe x2  
  88  6:12  Probe  
  88  6:14  Gateway  
  88  6:15  Gateway  
  88  6:16  Probe  
  90  6:25  Gateway  
  90  6:28  Gateway  
  90  6:32  Gateway  
  90  6:33  Gateway  
  90  6:34  Colossus (Chrono Boost)  
  96  6:42  Templar Archives  
  96  6:44  Pylon  
  96  6:46  Pylon  
  96  6:47  Zealot x2, Pylon  
  100  7:08  Zealot x2  
  104  7:10  Zealot x2  
  104  7:15  Warp Prism (Chrono Boost)  
  110  7:27  Forge  
  110  7:28  High Templar  
  110  7:29  High Templar, Zealot x4  
  122  7:30  Zealot  
  122  7:31  Zealot  
  122  7:33  Archon  
  126  7:41  Immortal (Chrono Boost)  
  130  7:53  Zealot x5  
  140  8:02  Pylon x2  
  140  8:04  Pylon  
  140  8:07  Nexus  
  140  8:15  Pylon  
  140  8:17  Pylon  
  140  8:18  Pylon  
  140  8:20  High Templar  
  140  8:21  High Templar, Zealot x5  
  140  8:25  Archon  
Tags
 
Add a new tag
Caveats
  • Supply blocks, unpowered buildings, or Contaminate may cause inaccurate times.
  • Supply counts are checked every 10 seconds.